 Dungeon Crawl Stone Soup version 0.30-a0-639-g3916f1956a (webtiles) character file.

Game seed: 14876300457953672496

17700 voltaire321 the Tainter (level 12, 0/92 HPs)
             Began as a Demonspawn Venom Mage on Jan 16, 2023.
             Was a Priest of Vehumet.
             Slain by an eight-headed hydra (6 damage)
             ... on level 2 of the Lair of Beasts.
             The game lasted 00:54:33 (14210 turns).

voltaire321 the Tainter (Demonspawn Venom Mage)    Turns: 14210, Time: 00:54:34

Health: 0/92       AC: 20    Str: 10    XL:     12   Next: 21%
Magic:  23/23      EV: 25    Int: 21    God:    Vehumet [***...]
Gold:   627        SH:  0    Dex: 13    Spells: 13/26 levels left

rFire   . . .      SeeInvis .    C - +5 mace (protect)
rCold   . . .      Faith    .    (no shield)
rNeg    . . .      Spirit   .    J - +0 steam dragon scales
rPois   .          Reflect  .    q - +0 helmet
rElec   .          Harm     .    i - +0 cloak
rCorr   .          Rampage  .    (no gloves)
Will    .....                    K - +1 pair of boots
Stlth   ++                       (no amulet)
HPRegen 0.35/turn                j - +5 ring of evasion
MPRegen 0.18/turn                y - +5 ring of evasion

@: mighty, under a protective aura
A: hooves 1, slimy green scales 2, foul stench 2
a: Renounce Religion


You were on level 2 of the Lair of Beasts.
You worshipped Vehumet.
Vehumet was most pleased with you.
You visited 3 branches of the dungeon, and saw 13 of its levels.

You collected 717 gold pieces.
You spent 90 gold pieces at shops.

Inventory:

Hand Weapons
 f - a +7 dagger of venom
 r - a +2 dagger of draining
 C - a +5 mace of protection (weapon)
Missiles
 a - 7 curare-tipped darts
 t - 9 throwing nets
Armour
 i - a +0 cloak (worn)
 q - a +0 helmet (worn)
 J - +0 steam dragon scales (worn)
 K - a +1 pair of boots (worn)
 R - a +0 kite shield
Jewellery
 j - a +5 ring of evasion (left hand)
 o - a ring of willpower
 y - a +5 ring of evasion (right hand)
 A - a ring of protection from cold
 D - a +6 ring of strength
 Q - a ring of protection from fire
Wands
 g - a wand of charming (21)
 p - a wand of digging (4)
 x - a wand of mindburst (14)
 B - a wand of flame (28)
 G - a wand of polymorph (6)
 H - a wand of iceblast (11)
 S - a wand of light (2)
Scrolls
 c - 2 scrolls of identify
 d - 7 scrolls of poison
 e - 3 scrolls of enchant weapon
 k - a scroll of enchant armour
 l - a scroll of vulnerability {unknown}
 m - a scroll of noise {unknown}
 n - 3 scrolls of magic mapping
 u - 5 scrolls of teleportation
 E - 2 scrolls of torment
 F - a scroll of amnesia {unknown}
 L - 3 scrolls of silence
 N - 2 scrolls of blinking
 P - a scroll of fog
Potions
 b - a potion of magic
 h - 3 potions of lignification
 s - 3 potions of cancellation
 v - 2 potions of berserk rage
 w - 4 potions of might
 z - 3 potions of curing
 I - a potion of mutation
 M - a potion of flight
 O - a potion of brilliance
 T - a potion of heal wounds {unknown}


   Skills:
 + Level 7.8 Fighting
 - Level 5.0 Armour
 + Level 7.5 Dodging
 - Level 1.7 Stealth
 + Level 3.0 Shields
 + Level 7.6 Spellcasting
 + Level 5.2 Conjurations
 - Level 4.0 Transmutations
 - Level 2.0 Fire Magic
 + Level 7.0 Air Magic
 + Level 8.7 Poison Magic


You had 13 spell levels left.
You knew the following spells:

 Your Spells              Type           Power      Damage    Failure   Level
a - Sting                 Tmut/Pois      100%       1d8       1%          1
b - Poisonous Vapours     Pois/Air       82%        N/A       1%          2
c - Mephitic Cloud        Conj/Pois/Air  37%        N/A       1%          3
d - Olgreb's Toxic Radia  Pois           44%        N/A       1%          4
e - Ignite Poison         Fire/Tmut/Pois 28%        N/A       1%          3

Your spell library contained the following spells:

 Spells                   Type           Power      Damage    Failure   Level
 Sticky Flame             Conj/Fire      23%        2d4       5%          4
 Foxfire                  Conj/Fire      92%        2x1d8     1%          1
 Kiss of Death            Conj/Necr      76%        2d11      1%          1
 Kindle Blastsparks       Fire/Tloc/Air  40%        2d13      1%          3
 Sandblast                Erth           16%        2d6       2%          1
 Stone Arrow              Conj/Erth      38%        3d9       2%          3
 Passwall                 Tmut/Erth      13%        N/A       5%          2
 Flame Wave               Conj/Fire      23%        2d8       5%          4
 Freezing Cloud           Conj/Ice/Air   12%        6-21      11%         5
 Blink                    Tloc           16%        N/A       13%         2
 Fireball                 Conj/Fire      11%        3d7       13%         5
 Confusing Touch          Hex            8%         N/A       26%         3
 Conjure Ball Lightning   Conj/Air       16%        3x3d6     26%         6
 Starburst                Conj/Fire      11%        6d5       54%         6
 Animate Armour           Summ/Erth      16%        N/A       63%         4
 Dispel Undead            Necr           8%         3d8       63%         4
 Manifold Assault         Tloc           8%         N/A       63%         4
 Iron Shot                Conj/Erth      9%         9d3       69%         6
 Storm Form               Tmut/Air       15%        N/A       100%        7


Dungeon Overview and Level Annotations

Branches:
Dungeon (10/15)            Temple (1/1) D:5            Lair (2/5) D:8
    Orc (0/2) D:9
  Swamp: Lair:2-3    Shoals: Lair:2-3     Snake: Lair:2-3    Spider: Lair:2-3

Altars:
Ashenzari
Cheibriados
Dithmenos
Fedhas
Gozag
Hepliaklqana
Kikubaaqudgha
Makhleb
Nemelex Xobeh
Okawaru
Qazlal
Ru
Sif Muna
Trog
Uskayaw
Vehumet
Wu Jian
Xom
Yredelemnul

Shops:
D:3 !   D:4 =

Annotations:
D:5 1 runed translucent door, bande's ghost, amateur GrFi
D:10 1 runed translucent door


Innate Abilities, Weirdness & Mutations

You have large cloven feet.
You are mostly covered in slimy green scales. (AC +3)
You sometimes emit foul miasma when damaged in melee.


Message History

The eight-headed hydra bites you but does no damage.
The eight-headed hydra bites you.
The eight-headed hydra bites you but does no damage. x2
The eight-headed hydra completely misses you.
The eight-headed hydra closely misses you.
The eight-headed hydra barely misses you.
The eight-headed hydra bites you.
The eight-headed hydra is engulfed in dark miasma.
The eight-headed hydra looks even sicker.
The eight-headed hydra bites you.
The eight-headed hydra completely misses you. x2
The eight-headed hydra bites you.
The eight-headed hydra completely misses you.
The eight-headed hydra bites you but does no damage.
The eight-headed hydra completely misses you. x2
You hit the eight-headed hydra.
The eight-headed hydra is severely wounded.
The eight-headed hydra is no longer moving slowly.
The eight-headed hydra is engulfed in dark miasma.
The eight-headed hydra looks as sick as possible!
The eight-headed hydra bites you!
* * * LOW HITPOINT WARNING * * *
The eight-headed hydra bites you.
* * * LOW HITPOINT WARNING * * *
The eight-headed hydra bites you but does no damage.
The eight-headed hydra misses you.
The eight-headed hydra barely misses you.
The eight-headed hydra bites you!
* * * LOW HITPOINT WARNING * * *
The eight-headed hydra completely misses you.
The eight-headed hydra closely misses you.
You feel very mighty all of a sudden.
The eight-headed hydra is engulfed in dark miasma.
The eight-headed hydra seems to slow down.
The eight-headed hydra bites you but does no damage.
The eight-headed hydra misses you. x2
The eight-headed hydra barely misses you. x2
The eight-headed hydra completely misses you.
The eight-headed hydra bites you.
You die...

#.. ..#..###.# #P.#
######.......#
####..###.##.#........
#P..#.##.###.#..#####.
.............÷÷÷#
.#.##...#####÷.######
#P...### #...#^..##
##D#.#.###.........
##..####@..........##.##.
.............##.########.
#..######.####### #...
#..# ###. #.P# #.. #.##
##. #.# ## #.# #. ..# ##


You could see an eight-headed hydra (extremely poisoned, slow).

Vanquished Creatures
  2 hydras (Lair:2)
  A boulder beetle (D:10)
  A death knight (D:10)
  4 two-headed ogres
  A tengu warrior (D:10)
  2 ugly things (D:10)
  2 manticores (D:10)
  2 black mambas (Lair:1)
  Psyche (D:10)
  3 komodo dragons
  A polar bear (D:10)
  4 centaur simulacra (D:10)
  A shadow (D:9)
  Sigmund (D:2)
  4 yaks (D:10)
  A wraith (D:9)
  2 steam dragons
  A basilisk (Lair:1)
  Menkaure (D:6)
  Duvessa (D:6)
  4 water moccasins
  3 orc warriors
  5 ice beasts
  3 black bears
  An ogre (D:5)
  16 wolves
  2 centaurs
  2 phantoms
  5 kobold brigands
  4 necrophages
  A gnoll sergeant (D:8)
  5 bullfrogs
  2 scorpions (D:6)
  14 wights
  Dowan (D:6)
  10 killer bees
  2 howler monkeys
  3 electric eels (D:10)
  A hound (D:6)
  3 jellies
  4 orc priests
  Crazy Yiuf (D:5)
  A gnoll bouda (D:9)
  4 iguanas
  15 orc wizards
  Robin (D:2)
  12 gnolls
  6 adders
  8 white imps
  6 ufetubi
  3 worms
  A dart slug (D:1)
  37 orcs
  3 bats
  5 endoplasms
  A giant cockroach (D:4)
  18 goblins
  11 hobgoblins
  3 quokkas
  5 ball pythons
  3 frilled lizards (D:1)
  22 kobolds
  A rat (D:2)
294 creatures vanquished.

Vanquished Creatures (others)
  A yak (D:10)
  An orc wizard (D:6)
  A fungus (Lair:2)
  9 plants
12 creatures vanquished.

Grand Total: 306 creatures vanquished

Notes
Turn   | Place    | Note
-------+----------+-------------------------------------------
     0 | D:1      | voltaire321 the Demonspawn Venom Mage began the quest for
                  | the Orb.
     0 | D:1      | Reached XP level 1. HP: 13/13 MP: 3/3
   189 | D:1      | Reached skill level 1 in Transmutations
   513 | D:1      | Gained mutation: You are partially covered in slimy green
                  | scales. (AC +2) [demonic ancestry]
   513 | D:1      | Reached XP level 2. HP: 20/20 MP: 0/5
  1440 | D:2      | Learned a level 2 spell: Poisonous Vapours
  1466 | D:2      | Reached skill level 1 in Fighting
  1473 | D:2      | Gained mutation: You have large cloven feet. [demonic
                  | ancestry]
  1473 | D:2      | Reached XP level 3. HP: 19/26 MP: 0/6
  1550 | D:2      | Found a stormy altar of Qazlal.
  1669 | D:2      | Noticed Sigmund
  1951 | D:2      | Noticed Robin
  1981 | D:2      | Killed Robin
  1982 | D:2      | Reached XP level 4. HP: 29/32 MP: 2/7
  2177 | D:2      | Reached skill level 1 in Air Magic
  2341 | D:3      | Learned a level 3 spell: Mephitic Cloud
  2570 | D:3      | Found Giufout's Distillery.
  2573 | D:3      | Bought a potion of berserk rage for 50 gold pieces
  2573 | D:3      | Bought a potion of might for 40 gold pieces
  2887 | D:2      | Killed Sigmund
  2888 | D:2      | Reached skill level 1 in Conjurations
  2888 | D:2      | Gained mutation: You may rarely emit foul miasma when
                  | damaged in melee. [demonic ancestry]
  2888 | D:2      | Reached XP level 5. HP: 18/38 MP: 3/9
  2888 | D:2      | Reached XP level 6. HP: 21/44 MP: 3/10
  3180 | D:4      | Found a broken altar of Ashenzari.
  3303 | D:4      | Reached skill level 4 in Poison Magic
  3621 | D:4      | Found a shimmering altar of Xom.
  3663 | D:4      | Found Wyivozic's Jewellery Shoppe.
  4020 | D:4      | Found a hide-covered altar of Uskayaw.
  4257 | D:5      | Entered Level 5 of the Dungeon
  4263 | D:5      | Reached XP level 7. HP: 45/51 MP: 10/12
  4338 | D:5      | Found a radiant altar of Vehumet.
  4458 | D:4      | Learned a level 4 spell: Olgreb's Toxic Radiance
  4536 | D:5      | Got Sif Muna's Secrets of Wild Detritus
  4638 | D:5      | Found a staircase to the Ecumenical Temple.
  4808 | D:5      | Found a runed translucent door.
  4809 | D:5      | Noticed Crazy Yiuf
  4821 | D:5      | Killed Crazy Yiuf
  4973 | D:5      | Found a runed translucent door.
  4974 | D:5      | Noticed bande's ghost (amateur GrFi)
  4975 | D:5      | Noticed a troll
  5601 | D:6      | Noticed Duvessa
  5605 | D:6      | Noticed Dowan
  5624 | D:6      | Killed Duvessa
  5625 | D:6      | Reached XP level 8. HP: 57/58 MP: 4/13
  5728 | D:6      | Killed Dowan
  5780 | D:6      | Reached skill level 5 in Poison Magic
  6387 | D:6      | Noticed Menkaure
  6400 | D:6      | Killed Menkaure
  6401 | D:6      | Reached XP level 9. HP: 31/66 MP: 16/16
  6768 | D:7      | Reached skill level 5 in Spellcasting
  6837 | Temple   | Entered the Ecumenical Temple
  7084 | D:5      | Became a worshipper of Vehumet
  7149 | D:7      | Reached skill level 6 in Poison Magic
  7153 | D:7      | Learned a level 3 spell: Ignite Poison
  7195 | D:7      | Reached skill level 5 in Dodging
  7422 | D:7      | Reached skill level 5 in Fighting
  7495 | D:7      | Reached skill level 1 in Fire Magic
  7501 | D:7      | Reached skill level 1 in Armour
  8205 | D:8      | Noticed a two-headed ogre
  8218 | D:8      | Killed a two-headed ogre
  8314 | D:8      | Found a staircase to the Lair.
  8338 | D:8      | Found a shadowy altar of Dithmenos.
  8429 | D:8      | Reached skill level 5 in Air Magic
  8460 | D:8      | Reached XP level 10. HP: 76/76 MP: 10/18
  8468 | D:8      | Reached * piety under Vehumet
  8468 | D:8      | Offered knowledge of Shock by Vehumet.
  8949 | D:9      | Found a staircase to the Orcish Mines.
  8949 | D:9      | Noticed a two-headed ogre
  8954 | D:9      | Killed a two-headed ogre
  9230 | D:9      | Reached skill level 7 in Poison Magic
  9619 | D:9      | Reached ** piety under Vehumet
  9619 | D:9      | Offered knowledge of Static Discharge by Vehumet.
  9622 | D:9      | Noticed a two-headed ogre
  9625 | D:9      | Killed a two-headed ogre
  9644 | D:9      | Found an opulent altar of Gozag.
  9938 | D:9      | Found a bloodstained altar of Trog.
 10303 | D:10     | Entered Level 10 of the Dungeon
 10424 | D:10     | Gained mutation: You sometimes emit foul miasma when
                  | damaged in melee. [demonic ancestry]
 10424 | D:10     | Reached XP level 11. HP: 21/83 MP: 20/20
 10770 | D:10     | Noticed a boulder beetle
 10976 | D:10     | Found a runed translucent door.
 10976 | D:10     | Noticed a white ugly thing
 10983 | D:10     | Killed a white ugly thing
 11020 | D:10     | Noticed a frost giant
 11020 | D:10     | Noticed a fire crab
 11086 | D:10     | Noticed a tengu warrior
 11090 | D:10     | Killed a tengu warrior
 11092 | D:10     | Noticed a two-headed ogre
 11095 | D:10     | Killed a two-headed ogre
 11125 | D:10     | Killed a boulder beetle
 11231 | D:10     | Offered knowledge of Scorch by Vehumet.
 11241 | D:10     | Noticed a cyan ugly thing
 11245 | D:10     | Killed a cyan ugly thing
 11246 | D:10     | Reached skill level 1 in Shields
 11246 | D:10     | Reached skill level 8 in Poison Magic
 11332 | D:10     | Noticed a death knight
 11684 | D:10     | Found a stormy altar of Qazlal.
 11686 | D:10     | Found a basalt altar of Yredelemnul.
 11686 | D:10     | Noticed Psyche
 11690 | D:10     | Killed Psyche
 11774 | D:10     | Reached *** piety under Vehumet
 11991 | D:10     | Killed a death knight
 12389 | D:10     | Noticed a deep troll
 12498 | Lair:1   | Entered Level 1 of the Lair of Beasts
 13306 | Lair:1   | Reached skill level 5 in Armour
 13513 | Lair:1   | Gained mutation: You are mostly covered in slimy green
                  | scales. (AC +3) [demonic ancestry]
 13513 | Lair:1   | Reached XP level 12. HP: 80/91 MP: 23/23
 13772 | Lair:2   | Noticed an eight-headed hydra
 13785 | Lair:2   | Killed an eight-headed hydra
 13786 | Lair:2   | Reached skill level 5 in Conjurations
 13842 | Lair:2   | Offered knowledge of Sticky Flame by Vehumet.
 14086 | Lair:2   | Noticed an eight-headed hydra
 14097 | Lair:2   | Killed an eight-headed hydra
 14101 | Lair:2   | Noticed an eight-headed hydra
 14210 | Lair:2   | Slain by an eight-headed hydra

Illustrated notes

Levels and vault maps discovered:
D:1:      matt_arrival_los_fun, layout_loops_corners, amcnicky_mini_pool_small,
          minmay_tromino_v2
D:2:      layout_basic, basic_altar, uniq_sigmund, uniq_robin
D:3:      layout_loops_ring, serial_shops, nicolae_shop_behind_doors
D:4:      layout_basic, mainiacjoe_overflow_big_doors,
          nicolae_ashenzari_panopticon, kennysheep_little_box, serial_shops,
          shop_statue
D:5:      layout_cave_pods, nicolae_vehumet_radiance,
          minmay_temple_entry_mini_moons, ebering_ghost_inner_flame,
          serial_column_ruins, column_ruins_hut_ruined, column_ruins_grid_1,
          column_ruins_open_medium, column_ruins_grid_2,
          column_ruins_open_small, st_stairs_14, uniq_crazy_yiuf_cottage
D:6:      minmay_flawed_box, layout_loops_ring, uniq_menkaure, uniq_duvessa
D:7:      layout_gridville, grunt_decor_resistance
D:8:      layout_cave_pools, lemuel_tele_altar, dpeg_oklobed_lair
D:9:      layout_basic, nicolae_gozag_cash_rules_everything_around_me,
          bloody_trog, minmay_orc_entry_temple_small
D:10:     minmay_curly_fans, layout_cave_pools, lemuel_round_altar,
          mainiacjoe_overflow_cross_hatched, serial_ice, serial_ice_e,
          serial_ice_l, serial_ice_a, serial_ice_m, serial_ice_d, serial_ice_b,
          serial_ice_o, serial_ice_n, serial_ice_h, serial_ice_g,
          minmay_crystal_water, minmay_misc_feat_pillars, minivault_13,
          uniq_psyche
Temple:   chequers_temple_sunken
Lair:1:   layout_cave_pods, serial_forest, infiniplex_forest_join,
          infiniplex_forest_end_2, infiniplex_forest_fountain,
          infiniplex_forest_clump_curved, grunt_forest_small_clearing_treed,
          serial_bayou_shore_a
Lair:2:   layout_loops_ring, palyth_hydra_swamp_entry, minmay_shattered_shrine

Skill      XL: |  1  2  3  4  5  6  7  8  9 10 11 12 |
---------------+-------------------------------------+-----
Transmutations | 1 2 3 4 |  4.0
Dodging        | 2 3 4 5 6 7 |  7.5
Fighting       | 1 2 3 4 5 6 7 |  7.8
Air Magic      | 1 2 3 5 6 7 |  7.0
Spellcasting   | 3 4 5 6 7 |  7.6
Conjurations   | 1 2 3 4 5 |  5.2
Poison Magic   | 4 5 6 7 8 |  8.7
Fire Magic     | 2 |  2.0
Armour         | 2 3 5 |  5.0
Shields        | 2 3 |  3.0
Stealth        | |  1.7

Action                   |  1- 3 |  4- 6 |  7- 9 | 10-12 || total
-------------------------+-------+-------+-------+-------++-------
Melee: Short sword       |    55 |    31 |       |       ||    86
       Unarmed           |     1 |       |     1 |       ||     2
       Kick              |     3 |    30 |    90 |    87 ||   210
       Dagger            |       |    64 |    35 |       ||    99
       Mace              |       |    27 |   236 |   293 ||   556
       Punch             |       |       |     2 |     6 ||     8
 Cast: Sting             |    49 |    41 |    56 |    36 ||   182
       Poisonous Vapours |     3 |     5 |    16 |    34 ||    58
       Mephitic Cloud    |       |       |     2 |       ||     2
       Olgreb's Toxic Ra |       |       |     4 |    19 ||    23
       Ignite Poison     |       |       |     4 |    33 ||    37
Evoke: Wand              |       |     1 |       |     6 ||     7
  Use: Scroll            |       |       |     9 |    11 ||    20
       Potion            |       |       |     1 |     1 ||     2
 Stab: Sleeping          |       |     1 |       |       ||     1
       Confused          |       |       |     1 |       ||     1
Armor: Robe              |    13 |    15 |    68 |       ||    96
       Steam dragon scal |       |       |    16 |   143 ||   159
Dodge: Dodged            |    39 |    95 |   359 |   589 ||  1082

Table legend: (Time is in decaauts)
 A = Elapsed time spent in this place.
 B = Non-inter-level travel time spent in this place.
 C = Inter-level travel time spent in this place.
 D = Time resting spent in this place.
 E = Time spent auto-exploring this place.
 F = Levels seen in this place.
 G = Mean time per level.
                   A        B        C        D        E       F      G
               +--------+--------+--------+--------+--------+-----+--------+
         Total |  14519 |  13746 |    773 |   2604 |   7734 |  13 | 1116.8 |
       Dungeon |  12517 |  11771 |    746 |   2178 |   6534 |  10 | 1251.7 |
        Temple |    248 |    240 |      8 |      0 |    226 |   1 |  248.0 |
          Lair |   1754 |   1736 |     18 |    426 |    973 |   2 |  877.0 |
               +--------+--------+--------+--------+--------+-----+--------+

Top non-repeatable levels by time:
    D:10: 1841 daAuts
     D:9: 1837 daAuts
  Lair:1: 1316 daAuts
     D:6: 1301 daAuts
     D:1: 1301 daAuts
     D:2: 1242 daAuts
     D:4: 1228 daAuts
     D:5: 1223 daAuts
     D:7: 1110 daAuts
     D:8: 801 daAuts
     D:3: 629 daAuts
  Lair:2: 437 daAuts
  Temple: 248 daAuts
